 Dungeon Crawl Stone Soup version 0.21-a0-519-gb765982 (webtiles) character file.

21 slep the Chopper (level 2, -1/27 HPs)
             Began as a Hill Orc Monk on Dec 5, 2017.
             Slain by Natasha (6 damage)
             ... on level 2 of the Dungeon.
             The game lasted 00:02:45 (824 turns).

slep the Chopper (Hill Orc Monk)                     Turns: 824, Time: 00:02:45

Health: -1/27      AC:  6    Str: 13    XL:     2   Next: 87%
Magic:  2/2        EV:  7    Int: 10    God:
Gold:   46         SH:  9    Dex: 13    Spells: 1/1 levels left

rFire    . . .     SeeInvis .   a - +0 hand axe
rCold    + . .     Gourm    .   l - +2 shield {rC+}
rNeg     . . .     Faith    .   g - +0 scale mail
rPois    .         Spirit   .   (no helmet)
rElec    .         Reflect  .   (no cloak)
rCorr    .         Harm     .   (no gloves)
MR       .....                  (no boots)
Stlth    ..........             (no amulet)
HPRegen  0.09/turn              (no ring)
MPRegen  0.08/turn              (no ring)

@: no status effects
A: no striking features
a: no special abilities


You were on level 2 of the Dungeon.
You were not hungry.

You visited 1 branch of the dungeon, and saw 2 of its levels.

You collected 46 gold pieces.

Inventory:

Hand Weapons
 a - a +0 hand axe (weapon)
Armour
 b - a +0 robe
 g - a +0 scale mail (worn)
 l - a +2 shield of cold resistance (worn)
Scrolls
 e - a scroll of teleportation {unknown}
 f - 2 scrolls of magic mapping {unknown}
 h - a scroll of amnesia {unknown}
 j - a scroll of enchant weapon {unknown}
 k - 2 scrolls of identify {unknown}
 m - a scroll of remove curse {unknown}
 o - a scroll of fog {unknown}
Potions
 d - 2 potions of might {unknown}
 i - a potion of agility {unknown}
Comestibles
 c - 4 bread rations
 n - a royal jelly
 p - a chunk of flesh


   Skills:
 + Level 4.0 Fighting
 + Level 4.5 Axes
 + Level 0.5 Armour
 + Level 2.5 Dodging
 + Level 1.7 Stealth


You had one spell level left.
You didn't know any spells.

Dungeon Overview and Level Annotations

Branches:
Dungeon (2/15)

Altars:

Annotations:
D:2 Natasha


Message History

Natasha is heavily wounded.
You hit the shadow imp. The shadow imp hits you.
Natasha claws you but does no damage.
You hit Natasha.
Natasha is almost dead.
You closely miss the shadow imp.
The shadow imp hits you but does no damage.
Natasha casts a spell at you. The magic dart hits you!
* * * LOW HITPOINT WARNING * * *
You closely miss Natasha.
Natasha is almost dead.
You barely miss the shadow imp.
The shadow imp hits you but does no damage.
You block Natasha's attack.
You closely miss Natasha.
Natasha is almost dead.
Your shield prevents you from hitting the shadow imp.
You block the shadow imp's attack. Natasha claws you.
You die...

#....########
+....'......+
#....####'###
#....###...##
#....##.....##
#...##.#...#.##
##..##.8.8.8.8.## #
...##...........##.#
.#..+.....).....@h.#
.#..#....(......#5.#
....##.8.8.8.8.#####
.###.##.#...#.##
.###.###.....##
.......##...##
.....#.###+##
.........#.#
####.......#


You could see Natasha and a shadow imp.

Vanquished Creatures
  A worm (D:2)
  2 bats
  A giant cockroach (D:1)
  3 hobgoblins (D:1)
  3 kobolds
  A frilled lizard (D:2)
  4 goblins
  2 rats (D:1)
17 creatures vanquished.

Notes
Turn   | Place    | Note
-------+----------+-------------------------------------------
     0 | D:1      | slep the Hill Orc Monk began the quest for the Orb.
     0 | D:1      | Reached XP level 1. HP: 19/19 MP: 1/1
   172 | D:1      | Reached XP level 2. HP: 13/27 MP: 2/2
   818 | D:2      | Noticed Natasha
   824 | D:2      | Slain by Natasha

Vault maps used:
D:1:      zelgadis_glass_arrival_small
D:2:      dk_noncrumbling_3, uniq_natasha

Skill      XL: |  1  2 |
---------------+-------+-----
Fighting       | 4 |  4.0
Axes           | |  4.5
Armour         | |  0.5
Dodging        | |  2.5
Stealth        | |  1.7

Action                   || total
-------------------------++-------
Melee: Hand axe          ||    75
Armor: Robe              ||     1
       Scale mail        ||    18
Dodge: Dodged            ||    30
Block: Shield            ||    12

Table legend:
 A = Spawn XP
 B = Non-spawn XP
 C = Spawn XP percentage of total XP
 D = Spawn monster count
 E = Non-spawn monster count
 F = Spawn count percentage of total count
 G = Total turns spent on level
                    A         B        C        D         E        F      G
               +---------+---------+-------+---------+---------+-------+---------
         Total |       0 |      31 |   0.0 |       0 |      17 |   0.0 |   824
               +---------+---------+-------+---------+---------+-------+---------
           D:1 |       0 |      18 |   0.0 |       0 |      11 |   0.0 |   635
           D:2 |       0 |      13 |   0.0 |       0 |       6 |   0.0 |   189
               +---------+---------+-------+---------+---------+-------+---------
